 Dungeon Crawl Stone Soup version 0.20-a0-187-ge5586d949a (webtiles) character file.

226584 kuniqs the Spry (level 19, -11/121 HPs)
             Began as a Kobold Berserker on Nov 23, 2016.
             Was a High Priest of Trog.
             Mangled by a merfolk
             ... wielding a +0 trident
              (24 damage)
             ... on level 4 of the Shoals on Nov 24, 2016.
             The game lasted 02:02:45 (36993 turns).

kuniqs the Spry (Kobold Berserker)                 Turns: 36993, Time: 02:02:46

Health: -11/121    AC: 17    Str: 16    XL:     19   Next: 61%
Magic:  37/37      EV: 33    Int: 11    God:    Trog [*****.]
Gold:   2416       SH:  0    Dex: 23    Spells: 16/18 levels left

rFire  . . .     SeeInvis .     S - +9 rapier (flame)
rCold  . . .     Gourm    .     X - +1 leather armour of Resourcefulness {rN+ Slay+3}
rNeg   + . .     Faith    .     (shield restricted)
rPois  +         Spirit   .     U - +2 helmet
rElec  .         Reflect  .     s - +2 cloak
rCorr  .         Harm     .     W - +1 pair of gloves
MR     +++++                    R - +0 pair of boots
Stlth  +++++++...               v - amulet of regeneration
                                L - ring of protection from magic
                                E - ring of the Octopus King {MP+9 AC+1 EV+1 Str+1 Int+1 Dex+1}

@: flying, regenerating
A: carnivore 3, clever 1, magic resistance 1, poison resistance
}: 2/15 runes: barnacled, gossamer
a: Berserk, Trog's Hand, Brothers in Arms, Burn Spellbooks, Renounce Religion


You were on level 4 of the Shoals.
You worshipped Trog.
Trog was extremely pleased with you.
You were very full.

You visited 6 branches of the dungeon, and saw 32 of its levels.
You also visited: Sewer and Bailey.

You collected 2690 gold pieces.
You spent 274 gold pieces at shops.

Inventory:

Hand Weapons
 I - a +0 rapier of electrocution
 O - a +0 arbalest
 S - a +9 rapier of flaming (weapon)
Missiles
 A - 8 throwing nets (quivered)
 P - 303 bolts
Armour
 f - a +2 buckler of fire resistance
 p - the +6 chain mail of Ixkus {*Corrode MR+ Slay+5}
   (You found it on level 4 of the Shoals)

   It affects your accuracy and damage with ranged weapons and melee attacks
   (+5).
   It affects your resistance to hostile enchantments.
   It may corrode you when you take damage.
 s - a +2 cloak (worn)
 R - a +0 pair of boots (worn)
 U - a +2 helmet (worn)
 V - the +1 robe "Koelle Hacu" {rC++ Dex-3}
   (You found it on level 6 of the Lair of Beasts)

   It affects your dexterity (-3).
   It greatly protects you from cold.
 W - a +1 pair of gloves (worn)
 X - the +1 leather armour of Resourcefulness (worn) {rN+ Slay+3}
   (You found it on level 1 of the Spider Nest)

   It affects your accuracy and damage with ranged weapons and melee attacks
   (+3).
   It protects you from negative energy.
Jewellery
 n - an uncursed ring of see invisible
 v - an amulet of regeneration (around neck)
 B - a +4 amulet of reflection
 E - a ring of the Octopus King (left hand) {MP+9 AC+1 EV+1 Str+1 Int+1 Dex+1}
   (You found it on level 2 of the Spider Nest)

   [ring of magical power]

   It affects your AC (+1).
   It affects your evasion (+1).
   It affects your strength (+1).
   It affects your intelligence (+1).
   It affects your dexterity (+1).
   It affects your magic capacity (+9).
 L - a ring of protection from magic (right hand)
Wands
 d - a wand of iceblast (7/15)
 g - a wand of acid (2/15)
 y - a wand of digging (10/24)
 z - a wand of acid (1/15)
Scrolls
 b - 9 scrolls of fog
 e - 9 scrolls of teleportation
 i - 5 scrolls of enchant weapon
 l - 6 scrolls of immolation
 q - a scroll of blinking
 u - 11 scrolls of remove curse {@r2}
 x - 6 scrolls of enchant armour
 H - a scroll of holy word
 J - 2 scrolls of fear
 K - a scroll of silence
 M - 2 scrolls of identify {@r1}
 N - 3 scrolls of recharging
 Y - 2 scrolls of vulnerability
 Z - a scroll of magic mapping
Potions
 a - 2 potions of cancellation
 h - 4 potions of might
 j - 6 potions of ambrosia
 m - 5 potions of agility
 r - 5 potions of curing {@q1}
 C - 2 potions of haste
 D - 5 potions of brilliance
 F - 2 potions of magic
 G - a potion of invisibility
 Q - a potion of cure mutation
 T - 2 potions of heal wounds
Books
 o - a book of Frost

   Spells                             Type                      Level
   a - Freeze                         Ice                          1
   b - Throw Frost                    Conjuration/Ice              2
   c - Ozocubu's Armour               Charms/Ice                   3
   d - Throw Icicle                   Conjuration/Ice              4
   e - Summon Ice Beast               Ice/Summoning                4
   Trog disapproves of the use of such an item.
Comestibles
 c - 5 meat rations
 k - 12 beef jerkies
 t - 3 slices of pizza


   Skills:
 - Level 14.2 Fighting
 - Level 14.0 Short Blades
 + Level 14.9 Crossbows
 - Level 11.0 Armour
 + Level 17.8 Dodging
 - Level 17.1 Stealth
 - Level 5.6 Shields
 - Level 12.0 Evocations


You had 16 spell levels left.
You knew the following spells:

 Your Spells              Type           Power        Failure   Level  Hunger
x - Song of Slaying       Chrm           #.......     65%         2    ###....


Dungeon Overview and Level Annotations

Branches:
Dungeon (15/15)            Temple (1/1) D:6            Lair (6/6) D:10
 Shoals (4/4) Lair:2       Spider (4/4) Lair:3        Slime (0/5) Lair:6
    Orc (2/2) D:11            Elf (0/3) Orc:2        Vaults (0/5) D:14
 Depths (0/5) D:15

Altars:
Ashenzari
Cheibriados
Dithmenos
Elyvilon
Fedhas
Gozag
Hepliaklqana
Kikubaaqudgha
Makhleb
Nemelex Xobeh
Okawaru
Qazlal
Ru
Sif Muna
Trog
Uskayaw
Vehumet
Xom
Yredelemnul
Zin
The Shining One
Beogh
Jiyva

Shops:
D:12 %   Orc:2 :%**   Shoals:2 ?

Annotations:
Lair:3 exclusion: oklob plant
Orc:2 exclusion: orc warrior, murphy's ghost, journeyman MiBe


Innate Abilities, Weirdness & Mutations

You are small and have problems with some larger weapons.
You are carnivorous and can eat meat at any time.
Your mind is acute. (Int +2)
You are resistant to hostile enchantments. (MR+)
Your system is resistant to poisons. (rPois)


Message History

The merfolk closely misses you.
You hit the wind drake but do no damage.
You barely miss the wind drake. The merfolk completely misses you.
The wind drake bites you but does no damage.
You barely miss the wind drake. The merfolk completely misses you.
The wind drake completely misses you.
Okay, then.
Your troll goes berserk!
You feel somewhat less full. The merfolk hits you with a trident.
The merfolk hits you but does no damage.
The wind drake flaps its wings at you.
The air twists around and violently strikes you in flight!
You miss the wind drake. The merfolk completely misses you.
You puncture the wind drake! You burn the wind drake.
Your troll bites the merfolk.
Your troll claws the merfolk. x2
The wind drake flaps its wings at you.
The air twists around and violently strikes you in flight!
* * * LOW HITPOINT WARNING * * *
The merfolk hits you from afar with a trident!!
You die...

#...........# . ≈...P.P....## .
#≈≈.........##### .
#≈≈≈≈.......≈≈≈≈≈ .
#PP≈≈...P..≈≈PP# .
#≈≈≈≈...P.PPP≈##.. .
#≈≈≈≈≈m).P.P≈##≈. #
#≈≈≈m##m##P≈##≈≈ ≈≈
#≈≈≈#@kT(##≈#≈.#≈ ≈
######≈≈≈≈#.(..(#≈#..≈#≈≈≈
##...##≈≈≈≈#..|≈(#≈#.#.≈#≈ ≈
#.....##≈≈≈#(.≈≈(#≈....≈≈#≈≈
#..≈..##≈≈≈##.≈≈.#..#..#≈. # ≈
#.....##≈≈≈≈#####....#≈≈≈≈##≈ ≈≈
#≈###≈##≈≈≈≈≈≈≈...(....####≈≈
≈≈≈##≈≈≈##≈≈≈≈≈≈≈≈........≈≈≈≈≈≈
≈≈≈≈≈≈≈≈≈≈≈≈≈≈≈≈≈..........≈≈≈≈≈


You could see a wind drake, 2 merfolk and a friendly troll (berserk).

Vanquished Creatures
  Mara (Shoals:4)
  A kraken (Shoals:1)
  Polyphemus (Shoals:2)
  Gastronok (Lair:3)
  Ilsuiw (Shoals:4)
  Aizul (Shoals:3)
  A fire giant (D:15)
  4 ghost moths
  Louise (Shoals:2)
  5 emperor scorpions
  2 entropy weavers
  3 spark wasps
  Snorg (Orc:2)
  4 merfolk javelineers
  7 merfolk impalers
  5 vault guards (D:14)
  5 catoblepae
  Harold (D:11)
  3 merfolk avatars
  5 hydras
  4 centaur warriors
  7 death yaks
  4 merfolk aquamancers
  An ogre mage (D:14)
  An alligator snapping turtle (Shoals:4)
  A satyr (Shoals:2)
  A deep troll shaman (Lair:6)
  2 orc high priests
  14 sea snakes
  An iron troll (Spider:3)
  2 unseen horrors (D:15)
  10 hill giants
  2 orc knights
  A lindwurm (Lair:6)
  4 harpies
  Pikel (D:7)
  21 orb spiders
  40 wolf spiders
  2 oklob plants (Shoals:1)
  4 orc sorcerers (Orc:2)
  14 fauns
  8 ugly things
  8 cyclopes
  14 manticores
  Maurice (D:8)
  16 elephants
  8 water nymphs
  2 moths of wrath
  5 merfolk sirens
  A torpor snail (Spider:2)
  4 black mambas
  12 spiny frogs
  A gargoyle (D:14)
  4 yaktaurs
  6 komodo dragons
  2 kobold demonologists
  An efreet (D:15)
  A yaktaur (shapeshifter) (D:13)
  16 demonic crawlers
  A tengu conjurer (D:14)
  29 merfolk
  4 trolls
  36 jumping spiders
  15 hornets
  6 wind drakes
  2 polar bears
  3 blink frogs (Lair:3)
  6 hippogriffs
  Grinder (D:4)
  5 two-headed ogres
  3 slime creatures (D:13)
  8 snapping turtles
  52 redbacks
  A wraith (D:15)
  39 tarantellas
  12 spriggans (Lair:5)
  A human (D:14)
  5 shadows
  30 yaks
  7 water elementals
  A wyvern (D:13)
  6 basilisks
  The ghost of KristoblXynda the Shield-Bearer, an amateur DrFi (D:4)
  2 hungry ghosts
  A steam dragon (Lair:5)
  7 wargs
  Menkaure (D:4)
  3 acid dragons (Lair:5)
  13 water moccasins
  7 porcupines
  27 orc warriors
  A slave (D:7)
  5 phantoms
  An eye of draining (D:11)
  An ice beast (D:10)
  6 sky beasts
  18 ogres
  3 black bears
  19 wolves
  3 boggarts (Lair:5)
  18 centaurs
  2 big kobolds
  17 crocodiles
  17 bullfrogs
  A wyvern zombie (D:13)
  8 gnoll sergeants (Bailey)
  3 scorpions
  A troll zombie (D:11)
  18 wights
  An electric eel (Spider:2)
  8 killer bees
  3 howler monkeys (D:9)
  8 crimson imps
  2 jellies
  4 centaur zombies
  A bullfrog zombie (D:9)
  2 bullfrog skeletons
  19 orc priests
  47 orc wizards
  7 gnoll shamans
  5 hounds
  3 centaur skeletons
  6 iguanas
  5 hell rats (Lair:2)
  9 worker ants
  A killer bee zombie (D:6)
  7 ogre zombies (D:11)
  A hound zombie (D:8)
  2 howler monkey skeletons
  16 gnolls
  3 adders
  6 shadow imps
  2 oozes
  An adder zombie (D:5)
  3 worms
  2 dart slugs
  7 leopard geckos
  72 orcs
  12 giant cockroaches
  9 goblins
  4 hobgoblins
  8 jackals
  6 quokkas
  A ball python skeleton (D:4)
  13 bats
  A goblin skeleton (D:11)
  7 goblin zombies (D:11)
  A hobgoblin skeleton (D:11)
  3 hobgoblin zombies (D:11)
  18 kobolds
  A leopard gecko zombie (D:6)
  An orc skeleton (D:11)
  12 orc zombies
  2 quokka zombies
  14 rats
  A plant (Shoals:1)
  3 tentacles (Shoals:1)
1147 creatures vanquished.

Vanquished Creatures (collateral kills)
  A merfolk javelineer (Shoals:4)
  A merfolk siren (Shoals:4)
  A wind drake (Shoals:4)
  A snapping turtle (Shoals:4)
  2 gnolls (Bailey)
6 creatures vanquished.

Vanquished Creatures (others)
  A slave (D:7)
  A centaur (D:7)
  An orc (D:7)
  A kobold (D:7)
  7 fungi
  21 plants
  5 tentacles (Shoals:1)
37 creatures vanquished.

Grand Total: 1190 creatures vanquished

Notes
Turn   | Place    | Note
-------+----------+-------------------------------------------
     0 | D:1      | kuniqs the Kobold Berserker began the quest for the Orb.
     0 | D:1      | Reached XP level 1. HP: 14/14 MP: 1/1
    95 | D:1      | Reached XP level 2. HP: 17/19 MP: 2/2
   366 | D:1      | Reached skill level 1 in Stealth
   565 | D:1      | Reached XP level 3. HP: 20/23 MP: 3/3
   743 | D:1      | Reached ** piety under Trog
  1531 | D:4      | Reached XP level 4. HP: 29/29 MP: 4/4
  1668 | D:4      | Found a glowing drain.
  1732 | Sewer    | Entered a sewer
  1765 | Sewer    | Noticed a crocodile
  1773 | Sewer    | Killed a crocodile
  1773 | Sewer    | Reached skill level 5 in Short Blades
  1773 | Sewer    | Reached XP level 5. HP: 33/33 MP: 5/5
  1907 | D:4      | Noticed Menkaure
  1910 | D:4      | Killed Menkaure
  1910 | D:4      | Reached XP level 6. HP: 39/39 MP: 6/6
  2032 | D:4      | Noticed KristoblXynda's ghost (amateur DrFi)
  2142 | D:4      | Killed KristoblXynda's ghost
  2142 | D:4      | Reached skill level 5 in Fighting
  2142 | D:4      | Reached XP level 7. HP: 43/44 MP: 7/7
  2213 | D:4      | Found a shattered altar of Ashenzari.
  2376 | D:4      | Reached *** piety under Trog
  2376 | D:4      | Reached skill level 5 in Dodging
  2543 | D:3      | Reached skill level 5 in Stealth
  2721 | D:3      | Gained mutation: You possess an exceptional clarity of mind. [potion of beneficial mutation]
  2964 | D:4      | Noticed Grinder
  2965 | D:4      | Found a deep blue altar of Sif Muna.
  2966 | D:4      | Killed Grinder
  2966 | D:4      | Reached XP level 8. HP: 51/51 MP: 8/8
  3056 | D:5      | Entered Level 5 of the Dungeon
  3115 | D:4      | Found a hazy altar of Hepliaklqana.
  3116 | D:4      | Found a shimmering altar of Xom.
  3117 | D:4      | Noticed a spectral ugly thing
  3503 | D:5      | Reached **** piety under Trog
  4516 | D:6      | Found a staircase to the Ecumenical Temple.
  4545 | Temple   | Entered the Ecumenical Temple
  4818 | D:6      | Found a blossoming altar of Fedhas.
  4824 | D:6      | Found a sacrificial altar of Ru.
  4825 | D:6      | Found an iron altar of Okawaru.
  4947 | D:6      | Reached XP level 9. HP: 56/56 MP: 9/9
  5185 | D:8      | Found a flagged portal.
  5218 | Bailey   | Entered a bailey
  5846 | Bailey   | Got a turquoise-encrusted ring mail
  6975 | Bailey   | Identified the +2 ring mail "Timuakh" {rN+} (You took it off a gnoll in a bailey)
  7268 | D:7      | Found a hide-covered altar of Uskayaw.
  7272 | D:7      | Noticed a dagger
  7274 | D:7      | Noticed a dagger
  7505 | D:7      | Noticed Pikel
  7536 | D:7      | Killed Pikel
  7536 | D:7      | Reached XP level 10. HP: 50/64 MP: 10/10
  8226 | D:7      | Found a burning altar of Makhleb.
  8384 | D:7      | Reached skill level 10 in Short Blades
  8471 | D:8      | Reached skill level 10 in Stealth
  8504 | D:8      | Reached ***** piety under Trog
  8665 | D:8      | Found a white marble altar of Elyvilon.
  8928 | D:8      | Found a glowing golden altar of the Shining One.
  9001 | D:8      | Noticed Maurice
  9006 | D:8      | Killed Maurice
  9006 | D:8      | Reached skill level 1 in Evocations
  9299 | D:8      | Found a basalt altar of Yredelemnul.
  9675 | D:9      | Found a sparkling altar of Nemelex Xobeh.
  9781 | D:10     | Entered Level 10 of the Dungeon
  9869 | D:9      | Reached XP level 11. HP: 71/71 MP: 13/13
 10203 | D:11     | Found a staircase to the Orcish Mines.
 10317 | D:11     | Noticed Harold
 10317 | D:11     | Noticed a hill giant
 10318 | D:11     | Noticed a red ugly thing
 10329 | D:11     | Killed a hill giant
 10329 | D:11     | Received a gift from Trog
 10336 | D:11     | Killed a red ugly thing
 10426 | D:11     | Killed Harold
 10557 | D:10     | Reached skill level 5 in Evocations
 10576 | D:10     | Found a staircase to the Lair.
 10696 | D:10     | Noticed a hill giant
 10703 | D:10     | Killed a hill giant
 10703 | D:10     | Reached skill level 10 in Fighting
 11023 | D:11     | Got a steaming robe
 11034 | D:11     | Identified the +0 robe of the Dozen Lies {rC- Dex+7} (You found it on level 11 of the Dungeon)
 11508 | D:12     | Found Gogabey's Food Emporium.
 12064 | D:12     | Reached XP level 12. HP: 77/77 MP: 16/16
 12298 | D:13     | Noticed a centaur warrior
 12306 | D:13     | Killed a centaur warrior
 12334 | D:15     | Entered Level 15 of the Dungeon
 12448 | D:13     | Noticed an eight-headed hydra
 12453 | D:13     | Killed an eight-headed hydra
 12957 | D:14     | Noticed a centaur warrior
 12957 | D:14     | Noticed a catoblepas
 12961 | D:14     | Killed a catoblepas
 12962 | D:14     | Killed a centaur warrior
 12976 | D:14     | Received a gift from Trog
 12982 | D:14     | Reached skill level 5 in Armour
 13058 | D:13     | Reached ****** piety under Trog
 13286 | D:13     | Lost mutation: You possess an exceptional clarity of mind. [potion of cure mutation]
 13355 | D:14     | Reached XP level 13. HP: 83/84 MP: 19/19
 13918 | D:14     | Noticed a vault guard
 14389 | D:15     | Found an opulent altar of Gozag.
 14430 | D:14     | Received a gift from Trog
 14668 | D:15     | Found a staircase to the Depths.
 14669 | D:15     | Noticed a fire giant
 14909 | D:12     | Noticed a centaur warrior
 14921 | D:12     | Killed a centaur warrior
 14943 | Orc:1    | Entered Level 1 of the Orcish Mines
 14945 | Orc:1    | Found a burning altar of Makhleb.
 15006 | Orc:2    | Entered Level 2 of the Orcish Mines
 15851 | Orc:1    | Received a gift from Trog
 15948 | Orc:2    | Found a roughly hewn altar of Beogh.
 16026 | Orc:2    | Reached skill level 10 in Evocations
 16240 | Orc:2    | Noticed murphy's ghost (journeyman MiBe)
 16441 | Orc:2    | Reached skill level 15 in Stealth
 16813 | Orc:2    | Reached XP level 14. HP: 62/92 MP: 15/21
 16981 | Orc:2    | Found Lonwyilu's Food Boutique.
 16981 | Orc:2    | Found Uthykegh's Book Boutique.
 16986 | Orc:2    | Found Higoberu's Assorted Antiques.
 16986 | Orc:2    | Found Pehih's Assorted Antiques.
 17056 | Orc:2    | Bought a dented platinum amulet for 110 gold pieces
 17056 | Orc:2    | Bought a scroll labeled GUATOUBU ELUW for 22 gold pieces
 17060 | Orc:2    | Bought a jewelled bone wand for 116 gold pieces
 17060 | Orc:2    | Bought a lumpy emerald potion for 26 gold pieces
 17178 | Orc:2    | Found a roughly hewn altar of Beogh.
 17179 | Orc:2    | Found a staircase to the Elven Halls.
 17186 | Orc:2    | Noticed Snorg
 17375 | Orc:2    | Killed Snorg
 17382 | Orc:2    | Received a gift from Trog
 17931 | Lair:1   | Entered Level 1 of the Lair of Beasts
 19547 | Lair:2   | Found a staircase to the Shoals.
 19652 | Lair:3   | Found a hole to the Spider Nest.
 19793 | Lair:3   | Noticed Gastronok
 19816 | Lair:3   | Killed Gastronok
 20116 | Lair:3   | Found a blossoming altar of Fedhas.
 20593 | Lair:4   | Received a gift from Trog
 20978 | Lair:4   | Got a slimy short sword
 20979 | Lair:4   | Identified the +9 short sword of Kaifies {pierce, rPois} (You found it on level 4 of the Lair of Beasts)
 21406 | Lair:5   | Reached XP level 15. HP: 99/99 MP: 23/23
 21871 | Lair:5   | Reached skill level 1 in Shields
 21990 | Lair:6   | Entered Level 6 of the Lair of Beasts
 22113 | Lair:5   | Received a gift from Trog
 22528 | Lair:6   | Gained mutation: Your mind is acute. (Int +2) [potion of beneficial mutation]
 22529 | Lair:6   | Gained mutation: You are resistant to hostile enchantments. (MR+) [potion of beneficial mutation]
 22625 | Lair:6   | Found a viscous altar of Jiyva.
 22628 | Lair:6   | Found a staircase to the Slime Pits.
 23766 | Lair:6   | Got a silken robe
 23777 | Lair:6   | Identified the +1 robe "Koelle Hacu" {rC++ Dex-3} (You found it on level 6 of the Lair of Beasts)
 24340 | D:14     | Found a gate to the Vaults.
 24586 | D:15     | Reached skill level 10 in Armour
 24586 | D:15     | Reached XP level 16. HP: 106/106 MP: 25/25
 24657 | D:15     | Reached skill level 5 in Shields
 25012 | D:15     | Received a gift from Trog
 25088 | D:15     | Killed a fire giant
 25422 | Spider:1 | Entered Level 1 of the Spider Nest
 25624 | Spider:1 | Got a twisted leather armour
 25640 | Lair:3   | Identified the +1 leather armour "Vyehonk" {rF+} (You found it on level 1 of the Spider Nest)
 25931 | Spider:1 | Gained mutation: Your system is resistant to poisons. (rPois) [potion of beneficial mutation]
 25971 | Spider:1 | Reached skill level 10 in Dodging
 26024 | Spider:1 | Got an ancient leather armour
 26035 | Spider:1 | Identified the cursed +1 leather armour of Resourcefulness {rN+ Slay+3} (You found it on level 1 of the Spider Nest)
 26419 | Spider:1 | Received a gift from Trog
 27272 | Spider:2 | Got an iridescent short sword
 27273 | Spider:2 | Identified the +4 short sword of Youthful Indiscretion {pierce, +Rage Dex+4} (You found it on level 2 of the Spider Nest)
 27341 | Spider:2 | Reached skill level 1 in Crossbows
 27609 | Spider:3 | Reached XP level 17. HP: 111/111 MP: 26/26
 27899 | Spider:2 | Received a gift from Trog
 27947 | Spider:2 | Got a ring of the Octopus King
 27949 | Spider:2 | Identified a ring of the Octopus King {MP+9 AC+1 EV+1 Str+1 Int+1 Dex+1} (You found it on level 2 of the Spider Nest)
 28231 | Lair:1   | Was placed under penance by Trog
 28234 | Lair:1   | Learned a level 2 spell: Song of Slaying
 28314 | Spider:3 | Reached skill level 5 in Crossbows
 28696 | Spider:3 | Was forgiven by Trog
 29034 | Spider:4 | Entered Level 4 of the Spider Nest
 29603 | Spider:3 | Received a gift from Trog
 30403 | Spider:4 | Received a gift from Trog
 30695 | Spider:4 | Reached skill level 10 in Crossbows
 30738 | Spider:4 | Reached XP level 18. HP: 103/116 MP: 27/27
 30751 | Spider:4 | Received a gift from Trog
 31109 | Spider:4 | Got a gossamer rune of Zot
 31377 | Shoals:1 | Entered Level 1 of the Shoals
 31665 | Shoals:1 | Reached skill level 15 in Dodging
 31666 | Shoals:1 | Noticed a kraken
 31699 | Shoals:1 | Killed a kraken
 32070 | Shoals:1 | Received a gift from Trog
 32562 | Shoals:1 | Received a gift from Trog
 32665 | Shoals:2 | Noticed Polyphemus
 32814 | Shoals:2 | Noticed Louise
 32884 | Shoals:2 | Killed Louise
 33428 | Shoals:2 | Received a gift from Trog
 33435 | Shoals:2 | Killed Polyphemus
 34014 | Shoals:4 | Entered Level 4 of the Shoals
 34088 | Shoals:4 | Got a faintly humming chain mail
 34089 | Shoals:4 | Identified the +6 chain mail of Ixkus {*Corrode MR+ Slay+5} (You found it on level 4 of the Shoals)
 34925 | Shoals:3 | Noticed Aizul
 34940 | Shoals:3 | Killed Aizul
 35094 | Shoals:3 | Received a gift from Trog
 35094 | Shoals:3 | Reached XP level 19. HP: 94/121 MP: 28/28
 35113 | Shoals:3 | Got a faintly glowing dagger {god gift}
 35114 | Shoals:3 | Identified the +1 dagger "Coshros" {freeze, Int+2 Dex+4} (Trog gifted it to you on level 3 of the Shoals)
 35365 | Shoals:2 | Found Reogunn's Magic Scroll Shoppe.
 36017 | Shoals:4 | Got a barnacled rune of Zot
 36313 | Shoals:4 | Noticed Mara
 36394 | Shoals:4 | Noticed Ilsuiw
 36426 | Shoals:4 | Killed Mara
 36471 | Shoals:4 | Received a gift from Trog
 36540 | Shoals:4 | Killed Ilsuiw
 36993 | Shoals:4 | Mangled by a merfolk

Vault maps used:
D:1:      dpeg_arrival_ratfight
D:2:      kennysheep_small_spiral, serial_bayou_pond_a
D:4:      regret_index_temple_of_mockery, led_sif_book, gup_sewer_entry_pipe,
          corexii_shack, nicolae_ashenzari_panopticon, uniq_grinder,
          uniq_menkaure
D:5:      first_bread, feat_on_display
D:6:      minitemple
D:7:      dancing_weapons_uskayaw, hex_medium, grunt_ogre_cave, bloody_makhleb,
          uniq_pikel
D:8:      kennysheep_ying_yang, tso_metal_star, enter_bailey_3, uniq_maurice
D:9:      nemelex_dance_club_becter
D:10:     david_lair_shrubbed
D:11:     zombieorc2_lemuel, uniq_harold
D:12:     serial_shops, nicolae_shop_competitors_out_of_business
D:14:     grunt_vaults_entry_fortified, corexii_hall_statues_l, glass_columns_b
D:15:     grunt_enter_depths_giant_problem, roderic_hopi_sauvastika,
          grunt_gozag_statues
Temple:   pf_slimified_temple
Lair:1:   lemuel_another_geyser
Lair:2:   minmay_shoals_entry_centaurs
Lair:3:   spider_nest_entry_a, tgw_fedhas, grunt_megastairs_4, uniq_gastronok
Lair:4:   grunt_megastairs_3, serial_bayou_shore_b
Lair:5:   kb_forest_paths, guppyfry_lair_drakes
Lair:6:   grunt_lair_end_beastmaster, slime_altar_1, serial_bayou_shore_b
Shoals:1: nicolae_shoals_this_corrosion
Shoals:2: serial_shops, shop, uniq_polyphemus, uniq_louise
Shoals:3: uniq_aizul
Shoals:4: shoals_end_simple, shoals_ilsuiw_alternative, serial_shops, shop,
          hangedman_shoals_cup_caves, uniq_nikola, uniq_mara
Spider:3: spiders_nest_spider_trap
Spider:4: guppyfry_spider_rune, hangedman_spider_tarantella_strand
Orc:1:    basic_altar, nooodl_orcs_dogs
Orc:2:    st_orc_mages, basic_altar, serial_shops, shop, lemuel_statue_altar,
          uniq_snorg
Sewer:    sewer_big_baddie
Bailey:   bailey_polearm_gnolls_kennysheep, bailey

Skill      XL: |  1  2  3  4  5  6  7  8  9 10 11 12 13 14 15 16 17 18 19 |
---------------+----------------------------------------------------------+-----
Stealth        | 1 2 3 4 5 7 9 10 12 13 15 16 17 | 17.1
Dodging        | 3 4 5 6 8 9 11 14 16 17 | 17.8
Fighting       | 4 5 6 8 9 10 11 12 13 14 | 14.2
Short Blades   | 5 6 7 9 10 11 12 13 14 | 14.0
Evocations     | 2 6 8 10 11 12 | 12.0
Armour         | 3 5 6 8 10 11 | 11.0
Shields        | 4 5 |  5.6
Crossbows      | 2 10 13 14 | 14.9

Action                   |  1- 3 |  4- 6 |  7- 9 | 10-12 | 13-15 | 16-18 | 19-21 || total
-------------------------+-------+-------+-------+-------+-------+-------+-------++-------
Melee: Short sword       |   108 |    92 |    97 |   541 |  1818 |       |       ||  2656
       Dagger            |       |       |   394 |   195 |       |       |       ||   589
       Rapier            |       |       |       |       |    17 |  1560 |   327 ||  1904
 Fire: Arbalest          |       |       |       |     1 |       |   118 |     7 ||   126
Throw: Throwing net      |       |       |     1 |       |       |     9 |    24 ||    34
Invok: Berserk           |     4 |     3 |    18 |    18 |    31 |    16 |       ||    90
       Burn Spellbooks   |       |       |     3 |     2 |     4 |     1 |     1 ||    11
       Trog's Hand       |       |       |     1 |     1 |     4 |     8 |     3 ||    17
       Brothers in Arms  |       |       |     1 |       |       |     1 |     2 ||     4
 Abil: Evoke Flight      |       |       |     1 |       |       |       |       ||     1
Evoke: Wand              |       |       |       |       |     9 |    38 |     4 ||    51
  Use: Scroll            |       |     5 |    10 |     7 |    13 |    10 |     3 ||    48
       Potion            |       |     1 |     2 |     2 |     6 |     4 |     3 ||    18
 Stab: Sleeping          |     4 |     1 |    25 |    37 |    49 |    43 |     5 ||   164
       Distracted        |       |       |     4 |     2 |    10 |    13 |     2 ||    31
       Held in net/web   |       |       |     1 |       |       |     4 |    14 ||    19
       Paralysed         |       |       |       |       |       |    11 |       ||    11
       Petrifying        |       |       |       |       |       |     2 |       ||     2
       Petrified         |       |       |       |       |       |     2 |       ||     2
  Eat: Chunk             |    13 |     4 |    35 |    46 |    67 |    53 |     7 ||   225
Armor: Animal skin       |    14 |       |       |       |       |       |       ||    14
       Ring mail         |     2 |    26 |     7 |    80 |   186 |       |       ||   301
       Robe              |       |       |    13 |       |       |       |       ||    13
       Steam dragon scal |       |       |       |       |    71 |    41 |       ||   112
       Leather armour    |       |       |       |       |       |   199 |    31 ||   230
       Skin              |       |       |       |       |       |     5 |       ||     5
Dodge: Dodged            |    74 |   105 |   277 |   379 |   972 |  1351 |   254 ||  3412
Block: Buckler           |       |       |       |       |   131 |   422 |       ||   553
